Tamiflu vs Punishers
Created - 23 décembre 2013 at 19:29
Goals
|
| Tamiflu |
0 |
2 |
1 |
3 |
| Punishers |
1 |
2 |
1 |
4 |
|
Shots
|
| Tamiflu |
3 |
8 |
19 |
30 |
| Punishers |
13 |
8 |
9 |
30 |
|
1st period
1. Punishers , Jean-François Jacques 2 (Jean-Luc Grand-Pierre) at 16:08
Penalties :
Nathan Oystrick (Det) for Hooking (Minor) at 0:31, Jordan Hendry (Det) for Hooking (Minor) at 5:23, Mike Brown (Det) for Holding (Minor) at 17:27
2nd period
2. Tamiflu , Alex Picard 21 (Pavel Trnka, Nate Thompson) at 13:01
3. Punishers , Jimmie Olvestad 19 (Marc-André Bergeron, John Mitchell) at 13:21
4. Punishers , Chris Conner 16 (Jimmie Olvestad) at 13:33
5. Tamiflu , Radek Bonk 11 (Jonathan Sigalet, Mike McKenna) at 19:16
Penalties :
Nathan Oystrick (Det) for Interference (Minor) at 14:26
3rd period
6. Punishers , Jimmie Olvestad 20 (Chris Conner) at 11:25
7. Tamiflu , Mike Brown 13 (Pavel Trnka, Alex Picard) at 17:32 (PP)
Penalties :
Mike Brown (Det) for Slashing (Double Minor) at 2:02, Jean-Michel Daoust (Pro) for High sticking (Minor) at 6:33, Tanner Glass (Pro) for Diving (Minor) at 10:55, Jonathan Sigalet (Det) for Hooking (Minor) at 10:55, Adam Pineault (Pro) for Goalie Interference (Minor) at 17:15, Nick Spaling (Det) for Hooking (Minor) at 17:42
Goalie Stats
Mike McKenna (Det), 26 saves from 30 shots - (0,867), L, 12-4-4, 59:53 minutes
Karri Ramo (Pro), 27 saves from 30 shots - (0,900), W, 14-9-2, 60:00 minutes
Players Stats for Tamiflu
Player Name G A P +/- PIM S H SB GA TA FO MP PP MP PK MP
------------------------------------------------------------------------------------
Adam Henrique 0 0 0 1 0 3 0 0 0 1 6/6 10:33 0:00 0:24
Alex Picard 1 1 2 -2 0 1 0 2 1 1 1/2 18:43 1:19 2:34
Carson Mcmillan 0 0 0 1 0 2 1 2 1 0 0/0 9:42 0:00 0:00
David Clarkson 0 0 0 -1 0 3 2 0 0 0 0/0 13:36 0:00 6:30
Greg Mauldin 0 0 0 -1 0 1 1 0 1 1 0/2 9:38 0:00 3:35
Jan Mursak 0 0 0 -1 0 1 0 0 0 0 0/0 5:59 0:00 0:00
Jani Rita 0 0 0 0 0 1 0 1 0 1 0/0 13:26 0:57 0:43
Johan Fransson 0 0 0 -2 0 1 0 1 0 0 0/0 13:22 0:00 3:00
Jonathan Sigalet 0 1 1 0 2 2 3 1 0 0 0/0 27:57 1:29 7:02
Jordan Hendry 0 0 0 0 2 2 2 0 0 0 0/0 20:25 0:47 5:13
Kyle Lawson 0 0 0 -1 0 0 0 0 0 2 0/0 10:43 0:00 1:07
Mike Brown 1 0 1 -1 6 4 1 2 0 0 2/4 17:46 1:19 2:41
Nate Thompson 0 1 1 -2 0 1 1 1 0 0 18/29 21:03 1:19 4:46
Nathan Oystrick 0 0 0 0 4 0 2 2 1 0 0/0 20:17 0:47 4:37
Nick Spaling 0 0 0 1 2 1 3 0 0 0 0/0 9:45 0:00 0:00
Pavel Trnka 0 2 2 -1 0 1 2 4 1 1 0/0 28:06 1:29 6:49
Petr Pohl 0 0 0 0 0 3 0 0 0 1 1/1 12:43 0:57 0:00
Radek Bonk 1 0 1 0 0 3 2 1 0 1 16/24 20:16 0:57 6:35
Players Stats for Punishers
Player Name G A P +/- PIM S H SB GA TA FO MP PP MP PK MP
------------------------------------------------------------------------------------
Adam McQuaid 0 0 0 0 0 1 0 1 1 0 0/0 8:17 0:47 0:00
Adam Pineault 0 0 0 0 2 1 1 0 1 0 0/0 16:06 5:50 0:18
Brandon McMillan 0 0 0 1 0 0 0 1 1 0 0/2 7:40 0:00 0:00
Chris Conner 1 1 2 2 0 6 2 0 1 0 1/1 23:31 6:56 1:26
Jack Hillen 0 0 0 0 0 0 0 0 0 0 0/0 5:24 0:47 0:00
Jason Demers 0 0 0 3 0 0 0 2 0 1 0/0 27:08 7:04 1:39
Jason Gregoire 0 0 0 0 0 0 0 0 0 0 0/0 0:00 0:00 0:00
Jean-François Jacques 1 0 1 1 0 3 0 0 0 0 0/0 8:56 0:26 0:32
Jean-Luc Grand-Pierre 0 1 1 -1 0 1 0 3 0 0 0/0 19:41 6:03 0:37
Jean-Michel Daoust 0 0 0 1 2 0 0 0 0 0 0/0 8:28 0:42 0:00
Jimmie Olvestad 2 1 3 2 0 8 1 1 1 1 4/8 23:28 6:56 1:30
Joe Vitale 0 0 0 -1 0 0 1 1 0 0 3/10 11:03 0:26 0:06
John Mitchell 0 1 1 1 0 2 2 0 0 0 12/35 20:40 6:56 0:18
Justin Falk 0 0 0 0 0 0 0 0 0 0 0/0 4:54 0:00 0:00
Kris Chucko 0 0 0 -1 0 3 0 0 0 0 1/1 12:05 0:42 0:22
Lance Bouma 0 0 0 0 0 0 0 0 0 0 0/0 0:00 0:00 0:00
Marc-André Bergeron 0 1 1 3 0 2 1 0 2 1 0/0 27:08 7:04 1:39
Mark Fraser 0 0 0 -1 0 0 0 1 0 1 0/0 19:41 6:03 0:37
Mike Blunden 0 0 0 -1 0 0 2 0 1 0 0/0 12:10 1:08 0:00
Mike Weber 0 0 0 0 0 0 0 2 0 1 0/0 7:47 0:00 0:00
Petteri Nokelainen 0 0 0 0 0 2 1 0 0 0 3/11 15:29 5:50 0:00
Tanner Glass 0 0 0 0 2 1 1 0 1 0 0/0 16:06 5:50 0:00
3 Stars
1 - Jimmie Olvestad (Pro)
2 - Chris Conner (Pro)
3 - Marc-André Bergeron (Pro)
Power Play
Tamiflu - 1 on 2 Attempt(s) - 50,00%
Punishers - 0 on 7 Attempt(s) - 0,00%
Penalty Kill
Tamiflu - 7 on 7 Attempt(s) - 100,00%
- Score 0 goal in Penalty Kill
Punishers - 1 on 2 Attempt(s) - 50,00%
- Score 0 goal in Penalty Kill
Official
Referees : StLaurent Francois and Kowal Tom
Linesman : Tony Sericolo and Michel Cormier
Game Notes
0:08 of 1st period - Punishers goal is going for a video replay. After video review, No Goal. The net was displaced accidentally.
Finance
Level 1 -- Attendance: 1505 (75,25%) -- Ticket Income 52 675 $
Level 2 -- Attendance: 691 (69,10%) -- Ticket Income 10 365 $
Total Attendance: 2196 (73,20%)
Total Ticket Income: 63 040 $
Other Income: 3 152 $
Total Income: 66 192 $
Tamiflu
5 vs 5 Forward
Center Left Wing Right Wing Time % Phy DF OF
1 Nate Thompson Alex Picard Mike Brown 40 1 2 2
2 Radek Bonk Jani Rita Petr Pohl 30 1 2 2
3 Adam Henrique Nick Spaling Carson Mcmillan 20 1 2 2
4 Greg Mauldin Jan Mursak David Clarkson 10 1 2 2
5 vs 5 Defense
Defense Defense Time % Phy DF OF
1 Pavel Trnka Jonathan Sigalet 40 1 2 2
2 Nathan Oystrick Jordan Hendry 30 1 2 2
3 Kyle Lawson Johan Fransson 20 1 2 2
4 Pavel Trnka Jonathan Sigalet 10 1 2 2
PowerPlay Forward
Center Left Wing Right Wing Time % Phy DF OF
1 Nate Thompson Alex Picard Mike Brown 60 1 2 2
2 Radek Bonk Jani Rita Petr Pohl 40 1 2 2
PowerPlay Defense
Defense Defense Time % Phy DF OF
1 Pavel Trnka Jonathan Sigalet 60 1 2 2
2 Nathan Oystrick Jordan Hendry 40 1 2 2
Penalty Kill 4 Players Forward
Center Wing Time % Phy DF OF
1 Radek Bonk David Clarkson 60 1 2 2
2 Nate Thompson Mike Brown 40 1 2 2
Penalty Kill 4 Players Defense
Defense Defense Time % Phy DF OF
1 Pavel Trnka Jonathan Sigalet 60 1 2 2
2 Nathan Oystrick Jordan Hendry 40 1 2 2
Penalty Kill - 3 Players Forward
Forward Time % Phy DF OF
1 Radek Bonk 60 1 2 2
2 Nate Thompson 40 1 2 2
Penalty Kill - 3 Players Defense
Defense Defense Time % Phy DF OF
1 Pavel Trnka Jonathan Sigalet 60 1 2 2
2 Nathan Oystrick Jordan Hendry 40 1 2 2
4 vs 4 Forward
Center Wing Time % Phy DF OF
1 Nate Thompson Alex Picard 60 1 2 2
2 Radek Bonk Mike Brown 40 1 2 2
4 vs 4 Defense
Defense Defense Time % Phy DF OF
1 Pavel Trnka Jonathan Sigalet 60 1 2 2
2 Nathan Oystrick Jordan Hendry 40 1 2 2
Last Minutes Offensive
Center Left Wing Right Wing Defense Defense
Nate Thompson Alex Picard Mike Brown Pavel Trnka Jonathan Sigalet
Last Minutes Defensive
Center Left Wing Right Wing Defense Defense
Radek Bonk Alex Picard David Clarkson Pavel Trnka Jonathan Sigalet
Goaltenders
Starting : Mike McKenna
Backup : Thomas Greiss
Extra Forwards
Normal : Adam Henrique, David Clarkson, Radek Bonk - PP : Jani Rita, David Clarkson - PK : Greg Mauldin
Extra Defensemen
Normal : Johan Fransson, Kyle Lawson, Jordan Hendry - PP : Johan Fransson - PK : Johan Fransson, Kyle Lawson
Penalty Shots
Radek Bonk, Jani Rita, Jonathan Sigalet, Carson Mcmillan, David Clarkson
Punishers
5 vs 5 Forward
Center Left Wing Right Wing Time % Phy DF OF
1 John Mitchell Jimmie Olvestad Chris Conner 40 1 2 2
2 Petteri Nokelainen Tanner Glass Adam Pineault 30 1 2 2
3 Joe Vitale Kris Chucko Mike Blunden 20 1 2 2
4 Brandon McMillan Jean-François Jacques Jean-Michel Daoust 10 1 2 2
5 vs 5 Defense
Defense Defense Time % Phy DF OF
1 Marc-André Bergeron Jason Demers 40 1 2 2
2 Jean-Luc Grand-Pierre Mark Fraser 30 1 2 2
3 Adam McQuaid Mike Weber 20 1 2 2
4 Justin Falk Jack Hillen 10 1 2 2
PowerPlay Forward
Center Left Wing Right Wing Time % Phy DF OF
1 John Mitchell Jimmie Olvestad Chris Conner 60 1 2 2
2 Petteri Nokelainen Tanner Glass Adam Pineault 40 1 2 2
PowerPlay Defense
Defense Defense Time % Phy DF OF
1 Marc-André Bergeron Jason Demers 60 1 2 2
2 Jean-Luc Grand-Pierre Mark Fraser 40 1 2 2
Penalty Kill 4 Players Forward
Center Wing Time % Phy DF OF
1 Jimmie Olvestad Chris Conner 60 1 2 2
2 John Mitchell Adam Pineault 40 1 2 2
Penalty Kill 4 Players Defense
Defense Defense Time % Phy DF OF
1 Marc-André Bergeron Jason Demers 60 1 2 2
2 Jean-Luc Grand-Pierre Mark Fraser 40 1 2 2
Penalty Kill - 3 Players Forward
Forward Time % Phy DF OF
1 Jimmie Olvestad 60 1 2 2
2 Chris Conner 40 1 2 2
Penalty Kill - 3 Players Defense
Defense Defense Time % Phy DF OF
1 Marc-André Bergeron Jason Demers 60 1 2 2
2 Jean-Luc Grand-Pierre Mark Fraser 40 1 2 2
4 vs 4 Forward
Center Wing Time % Phy DF OF
1 Jimmie Olvestad Chris Conner 60 1 2 2
2 John Mitchell Adam Pineault 40 1 2 2
4 vs 4 Defense
Defense Defense Time % Phy DF OF
1 Marc-André Bergeron Jason Demers 60 1 2 2
2 Jean-Luc Grand-Pierre Mark Fraser 40 1 2 2
Last Minutes Offensive
Center Left Wing Right Wing Defense Defense
John Mitchell Jimmie Olvestad Chris Conner Marc-André Bergeron Jason Demers
Last Minutes Defensive
Center Left Wing Right Wing Defense Defense
John Mitchell Jimmie Olvestad Chris Conner Marc-André Bergeron Jason Demers
Goaltenders
Starting : Karri Ramo
Backup : Curtis McElhinney
Extra Forwards
Normal : Kris Chucko, Mike Blunden, Jean-François Jacques - PP : Kris Chucko, Mike Blunden - PK : Jean-François Jacques
Extra Defensemen
Normal : Adam McQuaid, Mike Weber, Justin Falk - PP : Adam McQuaid - PK : Mike Weber, Justin Falk
Penalty Shots
Jimmie Olvestad, Chris Conner, John Mitchell, Adam Pineault, Tanner Glass
% Time on Ice - Tamiflu
Lines # - Real PCT - Wanted PCT - Time Play
Normal Forward
1 - 34% - 40% - 14:02
2 - 29% - 30% - 11:54
3 - 23% - 20% - 9:42
4 - 14% - 10% - 5:59
Normal Defense
1 - 41% - 40% - 17:07
2 - 33% - 30% - 13:39
3 - 22% - 20% - 9:15
4 - 4% - 10% - 1:36
PP Forward
1 - 58% - 60% - 1:19
2 - 42% - 40% - 0:57
PP Defense
1 - 65% - 60% - 1:29
2 - 35% - 40% - 0:47
PK Forward
1 - 68% - 60% - 9:29
2 - 32% - 40% - 4:25
PK Defense
1 - 54% - 60% - 7:28
2 - 46% - 40% - 6:26
PK3 Forward
1 - 0% - 60%
2 - 0% - 40%
PK3 Defense
1 - 0% - 60%
2 - 0% - 40%
44 Forward
1 - 85% - 60% - 1:41
2 - 15% - 40% - 0:18
44 Defense
1 - 50% - 60% - 0:59
2 - 50% - 40% - 1:00
Last Minute Offensive - 0:14
Last Minute Defensive - 0:00
Total
Forward - 60:00
Defense - 60:00
|
% Time on Ice - Punishers
Lines # - Real PCT - Wanted PCT - Time Play
Normal Forward
1 - 33% - 40% - 13:52
2 - 23% - 30% - 9:39
3 - 25% - 20% - 10:23
4 - 18% - 10% - 7:40
Normal Defense
1 - 41% - 40% - 17:05
2 - 30% - 30% - 12:27
3 - 19% - 20% - 7:47
4 - 10% - 10% - 4:15
PP Forward
1 - 58% - 60% - 8:04
2 - 42% - 40% - 5:50
PP Defense
1 - 53% - 60% - 7:18
2 - 47% - 40% - 6:36
PK Forward
1 - 87% - 60% - 1:58
2 - 13% - 40% - 0:18
PK Defense
1 - 73% - 60% - 1:39
2 - 27% - 40% - 0:37
PK3 Forward
1 - 0% - 60%
2 - 0% - 40%
PK3 Defense
1 - 0% - 60%
2 - 0% - 40%
44 Forward
1 - 83% - 60% - 1:39
2 - 17% - 40% - 0:20
44 Defense
1 - 62% - 60% - 1:14
2 - 38% - 40% - 0:45
Last Minute Offensive - 0:00
Last Minute Defensive - 0:17
Total
Forward - 60:00
Defense - 60:00
|
Play by Play
1st period
0:01 of 1st period - John Mitchell wins face-off versus Alex Picard in neutral zone.
0:04 of 1st period - Slapshot by Marc-André Bergeron.
0:04 of 1st period - Shot Blocked by Pavel Trnka.
0:06 of 1st period - Slapshot by Jason Demers.
0:06 of 1st period - Shot Misses the Net.
0:08 of 1st period - Snap shot by Jimmie Olvestad.
0:08 of 1st period - Punishers goal is going for a video replay.
0:08 of 1st period - The goal is refused. The net was displaced accidentally..
0:09 of 1st period - Nate Thompson wins face-off versus John Mitchell in Tamiflu zone.
0:22 of 1st period - Wrist shot by Chris Conner.
0:22 of 1st period - Deflect By Jonathan Sigalet.
0:22 of 1st period - Stopped by Mike McKenna without a rebound.
0:23 of 1st period - Radek Bonk wins face-off versus Petteri Nokelainen in Tamiflu zone.
0:31 of 1st period - Minor Penalty to Nathan Oystrick for Hooking.
0:32 of 1st period - Radek Bonk wins face-off versus John Mitchell in Tamiflu zone.
1:06 of 1st period - Snap shot by Adam Pineault.
1:06 of 1st period - Shot Misses the Net.
1:08 of 1st period - Slapshot by Jean-Luc Grand-Pierre.
1:08 of 1st period - Shot Blocked by Mike Brown.
1:10 of 1st period - Slapshot by Petteri Nokelainen.
1:10 of 1st period - Stopped by Mike McKenna with a rebound.
1:12 of 1st period - Slapshot by Jean-Luc Grand-Pierre.
1:12 of 1st period - Stopped by Mike McKenna without a rebound.
1:13 of 1st period - Radek Bonk wins face-off versus Petteri Nokelainen in Tamiflu zone.
1:13 of 1st period - Radek Bonk is hit by Petteri Nokelainen.
1:20 of 1st period - Icing by Jean-Luc Grand-Pierre.
1:21 of 1st period - Radek Bonk wins face-off versus Petteri Nokelainen in Punishers zone.
1:49 of 1st period - Off-side.
1:50 of 1st period - Nate Thompson wins face-off versus John Mitchell in neutral zone.
2:01 of 1st period - Slapshot by John Mitchell.
2:01 of 1st period - Shot Misses the Net.
2:03 of 1st period - Slapshot by Marc-André Bergeron.
2:03 of 1st period - Stopped by Mike McKenna without a rebound.
2:04 of 1st period - Radek Bonk wins face-off versus John Mitchell in Tamiflu zone.
2:13 of 1st period - Snap shot by David Clarkson.
2:13 of 1st period - Stopped by Karri Ramo without a rebound.
2:14 of 1st period - Radek Bonk wins face-off versus John Mitchell in Punishers zone.
2:19 of 1st period - Snap shot by Radek Bonk.
2:19 of 1st period - Stopped by Karri Ramo without a rebound.
2:20 of 1st period - Radek Bonk wins face-off versus John Mitchell in Punishers zone.
2:25 of 1st period - Wrist shot by David Clarkson.
2:25 of 1st period - Stopped by Karri Ramo without a rebound.
2:26 of 1st period - John Mitchell wins face-off versus Radek Bonk in Punishers zone.
2:31 of 1st period - Penalty to Nathan Oystrick is over, Nathan Oystrick is back on ice.
2:31 of 1st period - Radek Bonk is hit by Chris Conner and loses puck.
4:00 of 1st period - Snap shot by David Clarkson.
4:00 of 1st period - Shot Misses the Net.
4:19 of 1st period - Kyle Lawson is hit by Marc-André Bergeron and loses puck.
4:53 of 1st period - Slapshot by Jani Rita.
4:53 of 1st period - Shot Misses the Net.
5:23 of 1st period - Minor Penalty to Jordan Hendry for Hooking.
5:24 of 1st period - Radek Bonk wins face-off versus John Mitchell in Tamiflu zone.
7:23 of 1st period - Penalty to Jordan Hendry is over, Jordan Hendry is back on ice.
8:30 of 1st period - Kris Chucko is hit by Nick Spaling and loses puck.
9:19 of 1st period - Jordan Hendry is hit by John Mitchell and loses puck.
9:30 of 1st period - Slapshot by Marc-André Bergeron.
9:30 of 1st period - Deflect By Nate Thompson.
9:30 of 1st period - Stopped by Mike McKenna with a rebound.
10:51 of 1st period - Wrist shot by Chris Conner.
10:51 of 1st period - Stopped by Mike McKenna without a rebound.
10:52 of 1st period - John Mitchell wins face-off versus Radek Bonk in Tamiflu zone.
10:57 of 1st period - Slapshot by Chris Conner.
10:57 of 1st period - Shot Misses the Net.
10:59 of 1st period - Snap shot by Jimmie Olvestad.
10:59 of 1st period - Shot Misses the Net.
11:01 of 1st period - Snap shot by Jimmie Olvestad.
11:01 of 1st period - Stopped by Mike McKenna with a rebound.
11:03 of 1st period - Snap shot by John Mitchell.
11:03 of 1st period - Stopped by Mike McKenna with a rebound.
11:05 of 1st period - Snap shot by Jimmie Olvestad.
11:05 of 1st period - Shot Misses the Net.
11:07 of 1st period - Wrist shot by John Mitchell.
11:07 of 1st period - Shot Blocked by Pavel Trnka.
11:09 of 1st period - Slapshot by Jimmie Olvestad.
11:09 of 1st period - Stopped by Mike McKenna with a rebound.
11:49 of 1st period - Wrist shot by Chris Conner.
11:49 of 1st period - Shot Blocked by Pavel Trnka.
12:05 of 1st period - Jani Rita is hit by Chris Conner and loses puck.
12:16 of 1st period - Chris Conner is hit by Pavel Trnka and loses puck.
12:43 of 1st period - Snap shot by Radek Bonk.
12:43 of 1st period - Shot Misses the Net.
13:05 of 1st period - Wrist shot by Chris Conner.
13:05 of 1st period - Stopped by Mike McKenna without a rebound.
13:06 of 1st period - Nate Thompson wins face-off versus Petteri Nokelainen in Tamiflu zone.
13:06 of 1st period - Nate Thompson is hit by Tanner Glass.
13:18 of 1st period - Jason Demers is hit by Mike Brown and loses puck.
13:41 of 1st period - Snap shot by Mike Blunden.
13:41 of 1st period - Shot Misses the Net.
13:43 of 1st period - Wrist shot by Marc-André Bergeron.
13:43 of 1st period - Shot Blocked by Carson Mcmillan.
14:05 of 1st period - Jean-François Jacques is hit by David Clarkson and loses puck.
14:38 of 1st period - Mark Fraser is hit by Jordan Hendry.
14:42 of 1st period - David Clarkson is hit by Mike Blunden and loses puck.
14:59 of 1st period - Snap shot by Nick Spaling.
14:59 of 1st period - Shot Misses the Net.
15:26 of 1st period - Icing by Brandon McMillan.
15:27 of 1st period - Nate Thompson wins face-off versus Brandon McMillan in Punishers zone.
15:58 of 1st period - Slapshot by Jean-François Jacques.
15:58 of 1st period - Stopped by Mike McKenna with a rebound.
16:08 of 1st period - Wrist shot by Jean-François Jacques.
16:08 of 1st period - Goal by Jean-François Jacques - Tamiflu : 0 - Punishers : 1.
16:09 of 1st period - Petteri Nokelainen wins face-off versus Nate Thompson in neutral zone.
16:14 of 1st period - Jonathan Sigalet is hit by Adam Pineault and loses puck.
16:21 of 1st period - Snap shot by Alex Picard.
16:21 of 1st period - Shot Misses the Net.
17:27 of 1st period - Minor Penalty to Mike Brown for Holding.
17:28 of 1st period - Chris Conner wins face-off versus Radek Bonk in Tamiflu zone.
17:37 of 1st period - Wrist shot by Chris Conner.
17:37 of 1st period - Shot Blocked by Radek Bonk.
17:39 of 1st period - Wrist shot by Chris Conner.
17:39 of 1st period - Shot Blocked by Pavel Trnka.
19:27 of 1st period - Penalty to Mike Brown is over, Mike Brown is back on ice.
19:44 of 1st period - Wrist shot by Radek Bonk.
19:44 of 1st period - Shot Misses the Net.
2nd period
0:01 of 2nd period - John Mitchell wins face-off versus Mike Brown in neutral zone.
0:05 of 2nd period - Off-side.
0:06 of 2nd period - Mike Brown wins face-off versus John Mitchell in neutral zone.
0:37 of 2nd period - Backhand shot by Tanner Glass.
0:37 of 2nd period - Shot Misses the Net.
2:38 of 2nd period - Jean-François Jacques is hit by Nick Spaling and loses puck.
3:18 of 2nd period - Snap shot by Mike Brown.
3:18 of 2nd period - Shot Misses the Net.
3:28 of 2nd period - Slapshot by David Clarkson.
3:28 of 2nd period - Shot Misses the Net.
3:46 of 2nd period - Mike Blunden is hit by Pavel Trnka.
4:26 of 2nd period - Slapshot by Mike Brown.
4:26 of 2nd period - Stopped by Karri Ramo with a rebound.
4:28 of 2nd period - Snap shot by Alex Picard.
4:28 of 2nd period - Shot Blocked by Mike Weber.
4:30 of 2nd period - Slapshot by Nate Thompson.
4:30 of 2nd period - Shot Misses the Net.
4:32 of 2nd period - Wrist shot by Alex Picard.
4:32 of 2nd period - Shot Blocked by Mike Weber.
5:05 of 2nd period - Backhand shot by Marc-André Bergeron.
5:05 of 2nd period - Shot Blocked by Jonathan Sigalet.
5:11 of 2nd period - Wrist shot by Jonathan Sigalet.
5:11 of 2nd period - Stopped by Karri Ramo without a rebound.
5:12 of 2nd period - Nate Thompson wins face-off versus John Mitchell in Punishers zone.
5:15 of 2nd period - Snap shot by Mike Brown.
5:15 of 2nd period - Shot Misses the Net.
5:59 of 2nd period - Snap shot by Jean-Luc Grand-Pierre.
5:59 of 2nd period - Deflect By Jean-François Jacques.
5:59 of 2nd period - Stopped by Mike McKenna with a rebound.
6:23 of 2nd period - Wrist shot by Mike Brown.
6:23 of 2nd period - Shot Blocked by Jean-Luc Grand-Pierre.
6:25 of 2nd period - Snap shot by Mike Brown.
6:25 of 2nd period - Shot Misses the Net.
6:27 of 2nd period - Snap shot by Nate Thompson.
6:27 of 2nd period - Shot Blocked by Mark Fraser.
6:29 of 2nd period - Wrist shot by Mike Brown.
6:29 of 2nd period - Deflect By Nate Thompson.
6:29 of 2nd period - Shot Blocked by Brandon McMillan.
6:29 of 2nd period - Puck is out of play.
6:30 of 2nd period - Radek Bonk wins face-off versus John Mitchell in Punishers zone.
6:33 of 2nd period - Wrist shot by Petr Pohl.
6:33 of 2nd period - Stopped by Karri Ramo with a rebound.
6:35 of 2nd period - Snap shot by Jonathan Sigalet.
6:35 of 2nd period - Shot Blocked by Adam McQuaid.
6:51 of 2nd period - Adam McQuaid is hit by Radek Bonk and loses puck.
7:05 of 2nd period - Off-side.
7:06 of 2nd period - Nate Thompson wins face-off versus Petteri Nokelainen in neutral zone.
7:20 of 2nd period - Snap shot by Marc-André Bergeron.
7:20 of 2nd period - Shot Blocked by Nathan Oystrick.
7:22 of 2nd period - Snap shot by Tanner Glass.
7:22 of 2nd period - Shot Blocked by Alex Picard.
7:32 of 2nd period - Marc-André Bergeron is hit by Jordan Hendry and loses puck.
8:56 of 2nd period - Off-side.
8:57 of 2nd period - Adam Henrique wins face-off versus Joe Vitale in neutral zone.
9:04 of 2nd period - Jason Demers is hit by Nick Spaling and loses puck.
9:34 of 2nd period - Slapshot by Joe Vitale.
9:34 of 2nd period - Deflect By Carson Mcmillan.
9:34 of 2nd period - Shot Blocked by Carson Mcmillan.
9:34 of 2nd period - Puck is out of play.
9:35 of 2nd period - Nate Thompson wins face-off versus John Mitchell in Tamiflu zone.
10:02 of 2nd period - Adam Pineault is hit by Radek Bonk and loses puck.
10:07 of 2nd period - Wrist shot by Petr Pohl.
10:07 of 2nd period - Stopped by Karri Ramo with a rebound.
10:58 of 2nd period - Jimmie Olvestad is hit by Nathan Oystrick and loses puck.
11:43 of 2nd period - Jason Demers is hit by David Clarkson and loses puck.
12:09 of 2nd period - Brandon McMillan is hit by Jonathan Sigalet and loses puck.
12:48 of 2nd period - Off-side.
12:49 of 2nd period - Nate Thompson wins face-off versus John Mitchell in neutral zone.
13:01 of 2nd period - Wrist shot by Alex Picard.
13:01 of 2nd period - Goal by Alex Picard - Tamiflu : 1 - Punishers : 1.
13:02 of 2nd period - Nate Thompson wins face-off versus John Mitchell in neutral zone.
13:04 of 2nd period - Off-side.
13:05 of 2nd period - Nate Thompson wins face-off versus John Mitchell in neutral zone.
13:09 of 2nd period - Off-side.
13:10 of 2nd period - John Mitchell wins face-off versus Nate Thompson in neutral zone.
13:17 of 2nd period - Wrist shot by Jimmie Olvestad.
13:17 of 2nd period - Stopped by Mike McKenna with a rebound.
13:19 of 2nd period - Wrist shot by Jimmie Olvestad.
13:19 of 2nd period - Shot Misses the Net.
13:21 of 2nd period - Snap shot by Jimmie Olvestad.
13:21 of 2nd period - Goal by Jimmie Olvestad - Tamiflu : 1 - Punishers : 2.
13:22 of 2nd period - Nate Thompson wins face-off versus John Mitchell in neutral zone.
13:33 of 2nd period - Slapshot by Chris Conner.
13:33 of 2nd period - Goal by Chris Conner - Tamiflu : 1 - Punishers : 3.
13:34 of 2nd period - John Mitchell wins face-off versus Mike Brown in neutral zone.
13:39 of 2nd period - Slapshot by Marc-André Bergeron.
13:39 of 2nd period - Shot Blocked by Alex Picard.
13:41 of 2nd period - Wrist shot by Jimmie Olvestad.
13:41 of 2nd period - Stopped by Mike McKenna without a rebound.
13:42 of 2nd period - John Mitchell wins face-off versus Nate Thompson in Tamiflu zone.
13:43 of 2nd period - Wrist shot by Chris Conner.
13:43 of 2nd period - Stopped by Mike McKenna with a rebound.
13:49 of 2nd period - Wrist shot by Nate Thompson.
13:49 of 2nd period - Shot Misses the Net.
13:51 of 2nd period - Wrist shot by Alex Picard.
13:51 of 2nd period - Shot Blocked by Jason Demers.
14:26 of 2nd period - Minor Penalty to Nathan Oystrick for Interference.
14:27 of 2nd period - John Mitchell wins face-off versus Radek Bonk in Tamiflu zone.
16:26 of 2nd period - Penalty to Nathan Oystrick is over, Nathan Oystrick is back on ice.
16:31 of 2nd period - Wrist shot by Carson Mcmillan.
16:31 of 2nd period - Shot Misses the Net.
17:04 of 2nd period - Wrist shot by Jani Rita.
17:04 of 2nd period - Stopped by Karri Ramo with a rebound.
17:14 of 2nd period - Jonathan Sigalet is hit by Joe Vitale.
17:31 of 2nd period - Icing by Nick Spaling.
17:32 of 2nd period - Nate Thompson wins face-off versus John Mitchell in Tamiflu zone.
17:32 of 2nd period - Nate Thompson is hit by Jimmie Olvestad.
17:57 of 2nd period - Wrist shot by Tanner Glass.
17:57 of 2nd period - Deflect By Petr Pohl.
17:57 of 2nd period - Stopped by Mike McKenna without a rebound.
17:58 of 2nd period - Petteri Nokelainen wins face-off versus Radek Bonk in Tamiflu zone.
18:05 of 2nd period - Snap shot by Radek Bonk.
18:05 of 2nd period - Shot Misses the Net.
18:07 of 2nd period - Snap shot by Jani Rita.
18:07 of 2nd period - Shot Misses the Net.
18:11 of 2nd period - Slapshot by Radek Bonk.
18:11 of 2nd period - Stopped by Karri Ramo without a rebound.
18:12 of 2nd period - John Mitchell wins face-off versus Nate Thompson in Punishers zone.
18:23 of 2nd period - Wrist shot by Jimmie Olvestad.
18:23 of 2nd period - Shot Blocked by Mike Brown.
18:25 of 2nd period - Wrist shot by John Mitchell.
18:25 of 2nd period - Deflect By Jimmie Olvestad.
18:25 of 2nd period - Stopped by Mike McKenna without a rebound.
18:26 of 2nd period - Nate Thompson wins face-off versus John Mitchell in Tamiflu zone.
19:16 of 2nd period - Wrist shot by Radek Bonk.
19:16 of 2nd period - Goal by Radek Bonk - Tamiflu : 2 - Punishers : 3.
19:17 of 2nd period - Mike Brown wins face-off versus John Mitchell in neutral zone.
19:46 of 2nd period - Off-side.
19:47 of 2nd period - Radek Bonk wins face-off versus Petteri Nokelainen in neutral zone.
3rd period
0:01 of 3rd period - John Mitchell wins face-off versus Nate Thompson in neutral zone.
0:06 of 3rd period - Snap shot by Jimmie Olvestad.
0:06 of 3rd period - Deflect By John Mitchell.
0:06 of 3rd period - Stopped by Mike McKenna with a rebound.
0:12 of 3rd period - Slapshot by Pavel Trnka.
0:12 of 3rd period - Shot Misses the Net.
0:14 of 3rd period - Backhand shot by Nate Thompson.
0:14 of 3rd period - Shot Misses the Net.
0:16 of 3rd period - Snap shot by Pavel Trnka.
0:16 of 3rd period - Deflect By Alex Picard.
0:16 of 3rd period - Shot Blocked by Jason Demers.
0:16 of 3rd period - Puck is out of play.
0:17 of 3rd period - Petteri Nokelainen wins face-off versus Radek Bonk in Punishers zone.
0:26 of 3rd period - Slapshot by Marc-André Bergeron.
0:26 of 3rd period - Deflect By Petteri Nokelainen.
0:26 of 3rd period - Stopped by Mike McKenna with a rebound.
1:26 of 3rd period - Slapshot by Jan Mursak.
1:26 of 3rd period - Stopped by Karri Ramo without a rebound.
1:27 of 3rd period - Joe Vitale wins face-off versus Greg Mauldin in Punishers zone.
1:27 of 3rd period - Joe Vitale is hit by Greg Mauldin.
1:35 of 3rd period - Slapshot by David Clarkson.
1:35 of 3rd period - Shot Misses the Net.
1:37 of 3rd period - Slapshot by Jonathan Sigalet.
1:37 of 3rd period - Shot Misses the Net.
1:51 of 3rd period - Snap shot by David Clarkson.
1:51 of 3rd period - Stopped by Karri Ramo with a rebound.
1:53 of 3rd period - Wrist shot by Greg Mauldin.
1:53 of 3rd period - Stopped by Karri Ramo without a rebound.
1:54 of 3rd period - John Mitchell wins face-off versus Nate Thompson in Punishers zone.
2:02 of 3rd period - Double Minor Penalty to Mike Brown for Slashing.
2:03 of 3rd period - John Mitchell wins face-off versus Radek Bonk in Tamiflu zone.
5:42 of 3rd period - Snap shot by Jean-François Jacques.
5:42 of 3rd period - Shot Blocked by Johan Fransson.
5:44 of 3rd period - Snap shot by Adam McQuaid.
5:44 of 3rd period - Stopped by Mike McKenna without a rebound.
5:45 of 3rd period - Radek Bonk wins face-off versus Joe Vitale in Tamiflu zone.
6:02 of 3rd period - Penalty to Mike Brown is over, Mike Brown is back on ice.
6:09 of 3rd period - Slapshot by Mike Brown.
6:09 of 3rd period - Deflect By Adam Henrique.
6:09 of 3rd period - Stopped by Karri Ramo without a rebound.
6:10 of 3rd period - Adam Henrique wins face-off versus Brandon McMillan in Punishers zone.
6:11 of 3rd period - Wrist shot by Carson Mcmillan.
6:11 of 3rd period - Shot Misses the Net.
6:33 of 3rd period - Minor Penalty to Jean-Michel Daoust for High sticking.
6:34 of 3rd period - Nate Thompson wins face-off versus Jimmie Olvestad in Punishers zone.
6:37 of 3rd period - Snap shot by Mike Brown.
6:37 of 3rd period - Stopped by Karri Ramo without a rebound.
6:38 of 3rd period - Jimmie Olvestad wins face-off versus Nate Thompson in Punishers zone.
7:09 of 3rd period - Slapshot by Jonathan Sigalet.
7:09 of 3rd period - Shot Misses the Net.
7:11 of 3rd period - Slapshot by Petr Pohl.
7:11 of 3rd period - Stopped by Karri Ramo without a rebound.
7:12 of 3rd period - Radek Bonk wins face-off versus Jimmie Olvestad in Punishers zone.
7:21 of 3rd period - Snap shot by Radek Bonk.
7:21 of 3rd period - Shot Blocked by Jean-Luc Grand-Pierre.
8:33 of 3rd period - Penalty to Jean-Michel Daoust is over, Jean-Michel Daoust is back on ice.
8:45 of 3rd period - Adam McQuaid is hit by Carson Mcmillan.
8:56 of 3rd period - Off-side.
8:57 of 3rd period - Joe Vitale wins face-off versus Greg Mauldin in neutral zone.
9:26 of 3rd period - Wrist shot by Alex Picard.
9:26 of 3rd period - Shot Blocked by Jean-Luc Grand-Pierre.
9:48 of 3rd period - Off-side.
9:49 of 3rd period - Radek Bonk wins face-off versus John Mitchell in neutral zone.
9:54 of 3rd period - Backhand shot by Jordan Hendry.
9:54 of 3rd period - Stopped by Karri Ramo with a rebound.
10:23 of 3rd period - Wrist shot by Nick Spaling.
10:23 of 3rd period - Shot Blocked by Joe Vitale.
10:25 of 3rd period - Wrist shot by Adam Henrique.
10:25 of 3rd period - Stopped by Karri Ramo without a rebound.
10:26 of 3rd period - Alex Picard wins face-off versus John Mitchell in Punishers zone.
10:29 of 3rd period - Slapshot by Nate Thompson.
10:29 of 3rd period - Shot Blocked by Jimmie Olvestad.
10:55 of 3rd period - Minor Penalty to Tanner Glass for Diving.
10:55 of 3rd period - Minor Penalty to Jonathan Sigalet for Hooking.
10:56 of 3rd period - Nate Thompson wins face-off versus Jimmie Olvestad in Tamiflu zone.
11:07 of 3rd period - Slapshot by Nate Thompson.
11:07 of 3rd period - Stopped by Karri Ramo with a rebound.
11:09 of 3rd period - Slapshot by Johan Fransson.
11:09 of 3rd period - Stopped by Karri Ramo without a rebound.
11:10 of 3rd period - Jimmie Olvestad wins face-off versus Nate Thompson in Punishers zone.
11:19 of 3rd period - Wrist shot by Jimmie Olvestad.
11:19 of 3rd period - Deflect By Chris Conner.
11:19 of 3rd period - Shot Misses the Net.
11:19 of 3rd period - Puck is out of play.
11:20 of 3rd period - Nate Thompson wins face-off versus Jimmie Olvestad in Tamiflu zone.
11:25 of 3rd period - Slapshot by Jimmie Olvestad.
11:25 of 3rd period - Goal by Jimmie Olvestad - Tamiflu : 2 - Punishers : 4.
11:26 of 3rd period - Jimmie Olvestad wins face-off versus Nate Thompson in neutral zone.
12:34 of 3rd period - Backhand shot by David Clarkson.
12:34 of 3rd period - Shot Misses the Net.
12:55 of 3rd period - Penalty to Tanner Glass is over, Tanner Glass is back on ice.
12:55 of 3rd period - Penalty to Jonathan Sigalet is over, Jonathan Sigalet is back on ice.
13:01 of 3rd period - Marc-André Bergeron is hit by Jonathan Sigalet and loses puck.
13:20 of 3rd period - Snap shot by Tanner Glass.
13:20 of 3rd period - Shot Blocked by Nathan Oystrick.
13:32 of 3rd period - Slapshot by Chris Conner.
13:32 of 3rd period - Stopped by Mike McKenna without a rebound.
13:33 of 3rd period - Joe Vitale wins face-off versus Radek Bonk in Tamiflu zone.
13:34 of 3rd period - Wrist shot by Kris Chucko.
13:34 of 3rd period - Stopped by Mike McKenna with a rebound.
13:36 of 3rd period - Wrist shot by Kris Chucko.
13:36 of 3rd period - Stopped by Mike McKenna with a rebound.
13:38 of 3rd period - Slapshot by Adam McQuaid.
13:38 of 3rd period - Shot Blocked by Jani Rita.
13:40 of 3rd period - Wrist shot by Joe Vitale.
13:40 of 3rd period - Deflect By Kris Chucko.
13:40 of 3rd period - Shot Misses the Net.
13:40 of 3rd period - Puck is out of play.
13:41 of 3rd period - Radek Bonk wins face-off versus Joe Vitale in Tamiflu zone.
13:54 of 3rd period - Snap shot by Kris Chucko.
13:54 of 3rd period - Stopped by Mike McKenna with a rebound.
13:56 of 3rd period - Slapshot by Kris Chucko.
13:56 of 3rd period - Shot Misses the Net.
14:06 of 3rd period - Slapshot by Adam Pineault.
14:06 of 3rd period - Stopped by Mike McKenna without a rebound.
14:07 of 3rd period - Adam Henrique wins face-off versus Petteri Nokelainen in Tamiflu zone.
14:36 of 3rd period - Off-side.
14:37 of 3rd period - Radek Bonk wins face-off versus Joe Vitale in neutral zone.
14:50 of 3rd period - Petr Pohl is hit by Mike Blunden and loses puck.
15:15 of 3rd period - Snap shot by Radek Bonk.
15:15 of 3rd period - Shot Misses the Net.
15:18 of 3rd period - Icing by Marc-André Bergeron.
15:19 of 3rd period - Adam Henrique wins face-off versus Joe Vitale in Punishers zone.
15:20 of 3rd period - Wrist shot by Pavel Trnka.
15:20 of 3rd period - Shot Misses the Net.
15:22 of 3rd period - Snap shot by Jonathan Sigalet.
15:22 of 3rd period - Stopped by Karri Ramo with a rebound.
15:24 of 3rd period - Snap shot by Adam Henrique.
15:24 of 3rd period - Stopped by Karri Ramo with a rebound.
15:29 of 3rd period - Wrist shot by Carson Mcmillan.
15:29 of 3rd period - Stopped by Karri Ramo with a rebound.
15:31 of 3rd period - Slapshot by Pavel Trnka.
15:31 of 3rd period - Deflect By Nick Spaling.
15:31 of 3rd period - Stopped by Karri Ramo with a rebound.
15:33 of 3rd period - Wrist shot by Carson Mcmillan.
15:33 of 3rd period - Stopped by Karri Ramo without a rebound.
15:34 of 3rd period - Nate Thompson wins face-off versus John Mitchell in Punishers zone.
15:35 of 3rd period - Slapshot by Jonathan Sigalet.
15:35 of 3rd period - Deflect By Mike Brown.
15:35 of 3rd period - Stopped by Karri Ramo with a rebound.
15:40 of 3rd period - Icing by Mark Fraser.
15:41 of 3rd period - Nate Thompson wins face-off versus John Mitchell in Punishers zone.
16:42 of 3rd period - Snap shot by Jimmie Olvestad.
16:42 of 3rd period - Deflect By Chris Conner.
16:42 of 3rd period - Shot Blocked by Nate Thompson.
16:42 of 3rd period - Puck is out of play.
16:43 of 3rd period - Adam Henrique wins face-off versus Joe Vitale in Tamiflu zone.
17:14 of 3rd period - Off-side.
17:15 of 3rd period - Petr Pohl wins face-off versus Petteri Nokelainen in neutral zone.
17:15 of 3rd period - Minor Penalty to Adam Pineault for Goalie Interference.
17:16 of 3rd period - Jimmie Olvestad wins face-off versus Nate Thompson in Punishers zone.
17:16 of 3rd period - Jimmie Olvestad is hit by Jonathan Sigalet.
17:26 of 3rd period - Backhand shot by Pavel Trnka.
17:26 of 3rd period - Stopped by Karri Ramo with a rebound.
17:28 of 3rd period - Snap shot by Alex Picard.
17:28 of 3rd period - Shot Misses the Net.
17:30 of 3rd period - Slapshot by Pavel Trnka.
17:30 of 3rd period - Shot Misses the Net.
17:32 of 3rd period - Wrist shot by Mike Brown.
17:32 of 3rd period - Goal by Mike Brown - Tamiflu : 3 - Punishers : 4.
17:33 of 3rd period - Adam Henrique wins face-off versus Joe Vitale in neutral zone.
17:42 of 3rd period - Minor Penalty to Nick Spaling for Hooking.
17:43 of 3rd period - Radek Bonk wins face-off versus John Mitchell in Tamiflu zone.
17:43 of 3rd period - Radek Bonk is hit by John Mitchell.
19:27 of 3rd period - Wrist shot by Greg Mauldin.
19:27 of 3rd period - Shot Misses the Net.
19:39 of 3rd period - John Mitchell is hit by Nathan Oystrick.
19:42 of 3rd period - Penalty to Nick Spaling is over, Nick Spaling is back on ice.
19:53 of 3rd period - Tamiflu, Mike McKenna is pulled from the net.
19:53 of 3rd period - Slapshot by Jordan Hendry.
19:53 of 3rd period - Deflect By Mark Fraser.
19:53 of 3rd period - Stopped by Karri Ramo without a rebound.
19:54 of 3rd period - Mike Sullivan call a timeout for Tamiflu.
19:54 of 3rd period - Kris Chucko wins face-off versus Nate Thompson in Punishers zone.
19:54 of 3rd period - Kris Chucko is hit by Nate Thompson.
Output by the SimonT Hockey Simulator (STHS) for François Prévost -- Original Page W3C XHTML 1.0 Valid